 Dungeon Sprint DCSS version 0.30-a0-719-gcc4359ea44 (webtiles) character file.

Game seed: 17173621837227917148

11 BigDaddyOpFi the Trooper (level 2, -6/24 HPs)
             Began as a Demonspawn Fighter on Jan 26, 2023.
             Was an Initiate of Qazlal.
             Mangled by an orc
             ... wielding a +1 trident of flaming
              (7 damage)
             ... in the Dungeon (Sprint VII: "The Pits").
             The game lasted 00:00:18 (206 turns).

BigDaddyOpFi the Trooper (Demonspawn Fighter)        Turns: 206, Time: 00:00:19

Health: -6/24      AC:  6    Str: 16    XL:     2   Next: 13%
Magic:  4/4        EV:  8    Int:  9    God:    Qazlal [......]
Gold:   0          SH:  4    Dex: 12    Spells: 1/1 levels left

rFire   . . .      SeeInvis .    a - +0 war axe
rCold   . . .      Faith    .    c - +0 buckler
rNeg    . . .      Spirit   .    b - +0 scale mail
rPois   .          Reflect  .    (no helmet)
rElec   .          Harm     .    (no cloak)
rCorr   .          Rampage  .    (no gloves)
Will    .....      NoTele   +    (no boots) Stlth
                                 (no amulet)
HPRegen 0.24/turn                (no ring)
MPRegen 0.09/turn                (no ring)

@: no status effects
A: demonic magic 1
a: Renounce Religion


You were in the Dungeon.
You worshipped Qazlal.
Qazlal was noncommittal.
You visited 1 branch

Inventory:

Hand Weapons
 a - a +0 war axe (weapon)
Armour
 b - a +0 scale mail (worn)
 c - a +0 buckler (worn)
Scrolls
 j - a scroll of blinking
Potions
 d - a potion of might
 g - a potion of haste
 h - 4 potions of magic
 i - 3 potions of berserk rage
 k - 2 potions of invisibility


   Skills:
 + Level 3.5 Fighting
 + Level 2.3 Axes
 + Level 3.1 Armour
 + Level 3.1 Shields
 * Level 2.8 Invocations


You had one spell level left.
You didn't know any spells.
Your spell library was empty.

Dungeon Overview and Level Annotations

Branches:
Dungeon (1/1)

Altars:
Ashenzari
Cheibriados
Dithmenos
Fedhas
Gozag
Hepliaklqana
Kikubaaqudgha
Makhleb
Nemelex Xobeh
Okawaru
Qazlal
Ru
Sif Muna
Trog
Uskayaw
Vehumet
Wu Jian
Xom
Yredelemnul
Jiyva
Lugonu


Innate Abilities, Weirdness & Mutations

Spells you cast may paralyse adjacent enemies.


Message History

You see here a +0 club.
You open the door.
An orc comes into view. It is wielding a +1 trident of flaming.
The orc shouts!
You hear a shout! x2
A gnoll comes into view. It is wielding a +0 club.
An orc comes into view. It is wielding a +1 dagger of venom.
The orc completely misses you.
There is an open door here.
You hit the orc.
The orc is lightly wounded.
You hit the gnoll. You barely miss the orc. The gnoll misses you.
The orc barely misses you. The orc hits you but does no damage. x2
You are poisoned.
The orc hits you but does no damage. The gnoll hits you with a +0 club!
You hit the gnoll.
The gnoll is severely wounded.
You hit the orc but do no damage. You barely miss the orc.
You feel very sick. The orc barely misses you.
The orc hits you with a +1 trident of flaming.
The orc burns you. The gnoll hits you with a +0 club.
* * * LOW HITPOINT WARNING * * *
You feel better. The gnoll hits you but does no damage.
You block the orc's attack. The orc barely misses you.
You feel much better.
The orc hits you with a +1 trident of flaming!
The orc burns you. The orc closely misses you.
The gnoll hits you but does no damage.
You closely miss the gnoll.
The gnoll is severely wounded.
You closely miss the orc. You hit the orc. The gnoll barely misses you.
The orc hits you with a +1 trident of flaming.
The orc burns you.
* * * LOW HITPOINT WARNING * * *
The orc hits you with a +1 dagger of venom.
* * * LOW HITPOINT WARNING * * *
The gnoll hits you with a +0 club.
* * * LOW HITPOINT WARNING * * *
The orc hits you with a +1 trident of flaming!
You die...

#_________.#
#_______...###########
##########'##.........
#.?(.')))'.##......#..
##########.##.........
#...........'.........
#+#####'#####......#..
#.o#.)# #.........
#.o@..# ####'#####
#.g#### #.......# #..
#.......# #..
#.......# ##+
#...<...# #.......#
#.......# #.......#
#########


You could see a gnoll and 2 orcs.

Vanquished Creatures
  A gnoll (D)
  A ball python (D)
  A rat (D)
3 creatures vanquished.

Notes
Turn   | Place    | Note
-------+----------+-------------------------------------------
     0 | D        | BigDaddyOpFi the Demonspawn Fighter began the quest for the
                  | Orb.
     0 | D        | Reached XP level 1. HP: 18/18 MP: 1/1
    16 | D        | Found a bloodstained altar of Trog.
    16 | D        | Found a shimmering blue altar of Sif Muna.
    16 | D        | Found a viscous altar of Jiyva.
    16 | D        | Found a hazy altar of Hepliaklqana.
    16 | D        | Found an opulent altar of Gozag.
    17 | D        | Found a basalt altar of Yredelemnul.
    17 | D        | Found a shimmering altar of Xom.
    17 | D        | Found an ornate altar of the Wu Jian Council.
    17 | D        | Found a sacrificial altar of Ru.
    17 | D        | Found a stormy altar of Qazlal.
    17 | D        | Found an iron altar of Okawaru.
    17 | D        | Found a sparkling altar of Nemelex Xobeh.
    17 | D        | Found a burning altar of Makhleb.
    17 | D        | Found a blossoming altar of Fedhas.
    17 | D        | Found a shadowy altar of Dithmenos.
    17 | D        | Found a snail-covered altar of Cheibriados.
    18 | D        | Found a radiant altar of Vehumet.
    18 | D        | Found a corrupted altar of Lugonu.
    19 | D        | Found a hide-covered altar of Uskayaw.
    19 | D        | Found an ancient bone altar of Kikubaaqudgha.
    19 | D        | Found a broken altar of Ashenzari.
    23 | D        | Became a worshipper of Qazlal Stormbringer
    53 | D        | Gained mutation: Spells you cast may paralyse adjacent
                  | enemies. [demonic ancestry]
    53 | D        | Reached XP level 2. HP: 10/24 MP: 2/4
   206 | D        | HP: 1/24 [gnoll/+0 club (3)]
   206 | D        | Mangled by an orc

Illustrated notes

Levels and vault maps discovered:
D:        pitsprint [storerooms_1, entrance_room_1, metal_vault_6, armoury_1,
          mini_pit_1, grid_room_1, main_hall_1, silver_pit, the_coven_1,
          the_vestibule_1, steel_vault_4, golden_pit, hallway_of_sentries,
          crystal_vault_3, iron_vault_4, final_vault]

Skill      XL: |  1 |
---------------+----+-----
Axes           | 2 |  2.3
Armour         | 3 |  3.1
Shields        | 3 |  3.1
Invocations    | 2 |  2.8
Fighting       | |  3.5

Action                     || total
---------------------------++-------
  Melee: War axe           ||     9
    Use: Potion            ||     2
 Armour: Scale mail        ||     7
  Dodge: Dodged            ||    12
  Block: Buckler           ||     4

Table legend: (Time is in decaauts)
 A = Elapsed time spent in this place.
 B = Non-inter-level travel time spent in this place.
 C = Inter-level travel time spent in this place.
 D = Time resting spent in this place.
 E = Time spent auto-exploring this place.
 F = Levels seen in this place.
 G = Mean time per level.
                   A        B        C        D        E       F      G
               +--------+--------+--------+--------+--------+-----+--------+
         Total |    209 |    209 |      0 |    146 |      0 |   1 |  209.0 |
       Dungeon |    209 |    209 |      0 |    146 |      0 |   1 |  209.0 |
               +--------+--------+--------+--------+--------+-----+--------+

Top non-repeatable levels by time:
       D: 209 daAuts
